Map: Império Eterno LE

Players

zealofwar - Winner!

  • Race: Zerg Zerg
  • League: Diamond
  • Spawn Location: 1:00

LowLinK

  • Race: Protoss Protoss
  • League: Platinum
  • Spawn Location: 7:00

VOD

Have the link to the VOD?

Description

Time

  • Played on: Feb. 16, 2020, 8:51 a.m.
  • Length: 8:31
Show
View Real Time Build Order
Export as new Build Order

zealofwar Zerg - Winner!

Build Orders: Hatch First 

Get SALT Encoding   

  12  0:02  Drone  
  13  0:12  Overlord  
  13  0:17  Drone  
  14  0:31  Drone x2  
  14  0:35  Drone  
  17  0:53  Hatchery  
  16  0:57  Drone  
  16  1:00  Drone  
  18  1:16  Drone, Spawning Pool  
  18  1:19  Drone  
  19  1:30  Overlord  
  19  1:40  Extractor  
  19  1:41  Drone  
  19  1:50  Drone  
  20  2:02  Drone  
  20  2:04  Queen  
  20  2:05  Queen  
  20  2:07  Drone  
  26  2:11  Drone  
  27  2:20  Drone  
  28  2:24  Spine Crawler, Drone  
  28  2:31  Spine Crawler, Drone  
  28  2:33  Drone  
  29  2:38  Drone  
  30  2:49  Drone x2, Roach Warren  
  31  2:56  Lair  
  31  3:00  Drone x2  
  31  3:04  Extractor  
  32  3:14  Drone x3  
  32  3:15  Drone  
  32  3:16  Overlord  
  36  3:21  Overlord  
  36  3:22  Overlord  
  36  3:33  Overlord x2  
  36  3:39  Extractor  
  36  3:41  Extractor  
  34  3:50  Evolution Chamber  
  34  3:54  Roach x3  
  34  3:55  Roach x2  
  43  3:59  Drone x2  
  43  4:01  Drone  
  46  4:04  Drone  
  46  4:33  Zergling x8  
  46  4:34  Zergling x4  
  50  4:42  Roach  
  50  4:43  Roach x4  
  59  4:47  Zergling x2  
  60  4:56  Roach x4  
  60  5:05  Zerg Missile Weapons Level 1  
  58  5:12  Ravager x3  
  58  5:13  Ravager x2  
  51  5:23  Roach x4  
  55  5:42  Roach  
  55  5:43  Roach x2  
  57  5:51  Ravager  
  57  5:52  Ravager  
  57  5:53  Ravager  
  57  5:54  Overlord  
  57  5:55  Overlord x4  
  55  6:24  Drone  
  55  6:25  Drone x7  
  62  6:30  Queen  
  65  6:37  Ravager  
  65  6:38  Ravager  
  67  6:48  Drone  
  67  6:49  Drone x2  
  70  7:04  Roach x3  
  70  7:05  Roach  
  76  7:16  Spine Crawler  
  76  7:19  Spine Crawler, Roach x2  
  68  7:34  Roach  
  68  7:35  Roach x4  
  78  7:43  Ravager  
  69  8:08  Roach  
  69  8:09  Roach x5  
Show
View Real Time Build Order
Export as new Build Order

LowLinK Protoss 

Build Orders:  

Get SALT Encoding   

  12  0:03  Probe  
  13  0:15  Probe  
  13  0:18  Pylon  
  14  0:27  Probe  
  15  0:37  Gateway  
  15  0:39  Probe (Chrono Boost)  
  16  0:48  Assimilator  
  16  0:49  Probe (Chrono Boost)  
  17  0:54  Probe (Chrono Boost)  
  18  1:06  Probe  
  18  1:07  Pylon  
  19  1:18  Probe  
  20  1:26  Cybernetics Core  
  20  1:30  Zealot  
  22  1:57  Warp Gate (Chrono Boost)  
  22  2:07  Adept  
  24  2:09  Pylon  
  24  2:16  Gateway  
  24  2:18  Gateway  
  24  2:23  Gateway  
  24  2:28  Gateway  
  24  2:37  Stalker  
  26  3:31  Adept x4  
  26  3:32  Adept  
  36  3:47  Adept  
  38  4:00  Pylon  
  38  4:01  Pylon  
  38  4:03  Pylon  
  32  4:41  Adept  
  32  4:42  Stalker x4  
  34  4:59  Stalker  
  36  5:03  Stalker  
  38  5:11  Pylon  
  38  5:19  Stalker  
  38  5:20  Zealot x3  
  43  5:35  Stalker  
  31  5:51  Stalker  
  31  5:57  Zealot x3  
  39  6:14  Stalker  
  37  6:21  Zealot x4  
  45  6:34  Gateway  
  45  6:39  Stalker  
  47  6:41  Zealot  
  47  6:42  Zealot  
  47  6:46  Adept  
  53  7:13  Stalker  
  53  7:14  Zealot, Stalker  
  53  7:15  Zealot  
  45  7:34  Stalker  
  45  7:35  Zealot  
  47  7:38  Zealot  
  29  8:06  Stalker  
  29  8:07  Zealot x3  
  29  8:23  Stalker  
Tags
 
Add a new tag
Caveats
  • Supply blocks, unpowered buildings, or Contaminate may cause inaccurate times.
  • Supply counts are checked every 10 seconds.